[Event "Team 45 45 League T51"]
[Site "Internet Chess Club"]
[Date "2011.12.20"]
[Round "6"]
[White "gaibo4ever"]
[Black "DARKwizard1"]
[Result "0-1"]
[WhiteElo "2114"]
[BlackElo "2137"]
[Opening "Ruy Lopez: closed, Flohr-Zaitsev system (Lenzerheide variation)"]
[ECO "C92"]
[Time "18:02:11"]
[TimeControl "2700+45"]

1. e4 Nc6 2. Nf3 e5 3. Bb5 a6 4. Ba4 Nf6 5. O-O b5 6. Bb3 Be7 7. Re1 d6 8. c3
O-O 9. h3 Bb7 10. d4 h6 11. Nbd2 exd4 12. cxd4 Nb4 13. Qe2 c5 14. a3 Nc6 15. e5
Nh7 16. e6 c4 17. Bc2 d5 18. Nf1 Bc8 19. exf7+ Rxf7 20. Ne5 Nxe5 21. Qxe5 Bd6
22. Qh5 Qf6 23. Re8+ Nf8 24. Be3 Bb7 25. Rxa8 Bxa8 26. Nh2 Bxh2+ 27. Kxh2 Ne6
28. Qg4 Bc6 29. Re1 Bd7 30. Qg6 Nf8 31. Qg3 Bf5 32. Bd1 Re7 33. Bf3 Be4 34. Bg4
Kh7 35. Bf4 Ng6 36. Bd6 Rf7 37. f3 Bd3 38. Be5 Qb6 39. f4 a5 40. Rf1 Bxf1 {White
resigns} 0-1

[Event "Team 45 45 League T51"]
[Site "Internet Chess Club"]
[Date "2011.12.18"]
[Round "6"]
[White "loudoun"]
[Black "Stryker672"]
[Result "1/2-1/2"]
[WhiteElo "1659"]
[BlackElo "1962"]
[Opening "Scotch gambit: Dubois-Réti defense"]
[ECO "C55"]
[Time "11:01:49"]
[TimeControl "2700+45"]

1. e4 e5 2. Nf3 Nc6 3. d4 exd4 4. Bc4 Nf6 5. e5 Ng4 6. Qe2 Qe7 7. Bf4 d6 8. exd6
Qxe2+ 9. Bxe2 Bxd6 10. Bxd6 cxd6 11. Na3 O-O 12. O-O Bf5 13. Nb5 d3 14. cxd3
Nge5 15. Nxd6 Bxd3 16. Bxd3 Nxd3 17. Rfd1 Nxb2 18. Rdb1 Nd3 19. Rxb7 Rab8 20.
Rc7 Rb6 21. Nc8 Rb8 22. Nxa7 Nxa7 23. Rxa7 Rb2 24. Ra3 Nxf2 25. Rb3 Rc2 26. Nd4
Rd2 27. Nf3 Rc2 28. Nd4 Rd2 29. Nf3 Rc2 {Game drawn by repetition} 1/2-1/2

[Event "Team 45 45 League T51"]
[Site "Internet Chess Club"]
[Date "2011.12.19"]
[Round "6"]
[White "Y-ElGhazali"]
[Black "zeigmata"]
[Result "1/2-1/2"]
[WhiteElo "2220"]
[BlackElo "2255"]
[Opening "Ruy Lopez: 5.O-O"]
[ECO "C78"]
[Time "15:12:56"]
[TimeControl "2700+45"]

1. e4 e5 2. Nf3 Nc6 3. Bb5 a6 4. Ba4 Nf6 5. O-O b5 6. Bb3 Bc5 7. c3 d6 8. d4 Bb6
9. h3 h6 10. Be3 O-O 11. Nbd2 Bb7 12. d5 Ne7 13. Bxb6 cxb6 14. Ne1 Ng6 15. Nd3
Nd7 16. a4 bxa4 17. Rxa4 b5 18. Ra1 Rc8 19. Nf3 Nc5 20. Nxc5 Rxc5 21. Ne1 Rc8
22. Nd3 a5 23. Qf3 Qb6 24. Qe3 Qxe3 25. fxe3 a4 26. Bd1 Ne7 27. g4 Rc4 28. Nf2
Ra8 29. Be2 Rc5 30. Nd3 Rcc8 31. Nb4 Rc5 32. Ra3 Nc8 33. Nd3 Rc7 34. Nb4 Ra5 35.
Rc1 Nb6 36. b3 Nc8 37. c4 Nb6 38. Nc6 Bxc6 39. cxb5 Bxb5 40. Rxc7 Bxe2 41. Rb7
Ra6 42. bxa4 Rxa4 43. Rxa4 Nxa4 44. Rd7 Kf8 45. Rxd6 Nc5 46. Rc6 Nxe4 47. d6 Ke8
48. Rc8+ Kd7 49. Rc7+ Kxd6 50. Rxf7 Ng5 51. Rxg7 Nxh3+ 52. Kg2 Ng5 53. Rg6+ Kd5
54. Rxh6 Ke4 55. Rg6 Nf7 56. Kf2 Bc4 57. Rg7 Bd5 58. Rg6 Nd8 59. Ra6 Ne6 60.
Ra4+ Kd3 61. Ra3+ Ke4 62. Ra4+ Kd3 63. Ra5 Ke4 64. Ra4+ {Game drawn by
repetition} 1/2-1/2

[Event "Team 45 45 League T51"]
[Site "Internet Chess Club"]
[Date "2011.12.18"]
[Round "6"]
[White "filiusdextris"]
[Black "M-Abotreka"]
[Result "0-1"]
[WhiteElo "2044"]
[BlackElo "2143"]
[Opening "Caro-Kann: advance variation"]
[ECO "B12"]
[Time "13:31:25"]
[TimeControl "2700+45"]

1. e4 c6 2. d4 d5 3. e5 Bf5 4. h4 h5 5. c4 e6 6. Nc3 Ne7 7. Bg5 dxc4 8. Bxc4 Nd7
9. Nge2 Nb6 10. Bd3 Qd7 11. Ne4 Ned5 12. O-O Be7 13. Bxe7 Bxe4 14. Bg5 Bxd3 15.
Qxd3 f6 16. Bd2 O-O-O 17. a4 Ne7 18. exf6 gxf6 19. b4 Nf5 20. a5 Nd5 21. b5 cxb5
22. a6 b6 23. Nc3 Rhg8 24. Nxb5 Rg4 25. f3 Rg3 26. Rfc1+ Kb8 27. Be1 Rxg2+ 28.
Kh1 Rdg8 29. Qe4 Rg1+ 30. Kh2 R8g2+ 31. Kh3 Nfe3 32. Rc7 Rh1# {White checkmated}
0-1

[Event "Team 45 45 League T51"]
[Site "Internet Chess Club"]
[Date "2011.12.19"]
[Round "6"]
[White "AugustoCaruso"]
[Black "easycure"]
[Result "1/2-1/2"]
[WhiteElo "2167"]
[BlackElo "2360"]
[Opening "Richter-Veresov attack"]
[ECO "D01"]
[Time "06:07:24"]
[TimeControl "2700+45"]

1. d4 d5 2. Nc3 Nf6 3. Bg5 Nbd7 4. f3 c5 5. dxc5 Qa5 6. Qd2 e6 7. e4 dxe4 8. Nb5
Qxd2+ 9. Bxd2 Kd8 10. Nd6 Bxd6 11. cxd6 Nb6 12. O-O-O Bd7 13. Nh3 Bc6 14. Ng5
Ke8 15. Nxe4 Nxe4 16. fxe4 Bxe4 17. Bb5+ Bc6 18. Be2 Rc8 19. Rhe1 Bxg2 20. Rg1
Be4 21. Bc3 Rg8 22. Rg4 Bd5 23. Rxg7 Rxg7 24. Bxg7 Nc4 25. Bxc4 Rxc4 26. b3 Rg4
27. Be5 b5 28. Rd4 {Game drawn by mutual agreement} 1/2-1/2

[Event "Team 45 45 League T51"]
[Site "Internet Chess Club"]
[Date "2011.12.17"]
[Round "6"]
[White "jorobo"]
[Black "QueensCounselor"]
[Result "1/2-1/2"]
[WhiteElo "2012"]
[BlackElo "2102"]
[Opening "English: four knights, kingside fianchetto"]
[ECO "A29"]
[Time "15:30:52"]
[TimeControl "2700+45"]

1. c4 e5 2. Nc3 Nf6 3. Nf3 Nc6 4. g3 d5 5. cxd5 Nxd5 6. Bg2 Be6 7. O-O Be7 8. d4
exd4 9. Nxd4 Nxc3 10. bxc3 Nxd4 11. cxd4 c6 12. Qa4 O-O 13. Rd1 Bf6 14. Rb1 Qc8
15. e4 Rd8 16. Bb2 b5 17. Qa5 Bh3 18. Rbc1 Bxg2 19. Kxg2 a6 20. Qb6 Qe6 21. Qxc6
Qxa2 22. Rd2 Qe6 23. f3 Rac8 24. Qb7 Rxc1 25. Bxc1 Qc8 26. Qxc8 Rxc8 27. Ba3 a5
28. e5 Bd8 29. Bc5 b4 30. Rb2 Rb8 {Game drawn by mutual agreement} 1/2-1/2

[Event "Team 45 45 League T51"]
[Site "Internet Chess Club"]
[Date "2011.12.18"]
[Round "6"]
[White "PandorasBox"]
[Black "chsrules88"]
[Result "1/2-1/2"]
[WhiteElo "1941"]
[BlackElo "1956"]
[Opening "English opening"]
[ECO "A20"]
[Time "16:33:51"]
[TimeControl "2700+45"]

1. c4 e5 2. g3 Nf6 3. Bg2 d5 4. cxd5 Nxd5 5. Nc3 Nxc3 6. bxc3 Nc6 7. Nf3 Bc5 8.
d3 O-O 9. O-O Be6 10. Qc2 h6 11. Rb1 Bb6 12. Bb2 Qe7 13. c4 Bg4 14. h3 Bxf3 15.
Bxf3 Rab8 16. Bxc6 bxc6 17. Qa4 Qe6 18. Ba3 c5 19. Kh2 f5 20. Qc2 {Game drawn by
mutual agreement} 1/2-1/2

[Event "Team 45 45 League T51"]
[Site "Internet Chess Club"]
[Date "2011.12.24"]
[Round "6"]
[White "CamLeslie"]
[Black "jonesey"]
[Result "1/2-1/2"]
[WhiteElo "1869"]
[BlackElo "1894"]
[Opening "QGD semi-Slav"]
[ECO "D43"]
[Time "14:02:16"]
[TimeControl "2700+45"]

1. d4 d5 2. c4 c6 3. Nc3 Nf6 4. Nf3 e6 5. Bg5 Be7 6. e3 h6 7. Bh4 O-O 8. Bd3
dxc4 9. Bxc4 a6 10. Qe2 b5 11. Bd3 Nbd7 12. O-O c5 13. dxc5 Nxc5 14. Bc2 b4 15.
Na4 Nxa4 16. Bxa4 Bb7 17. Rfd1 Qa5 18. Bb3 Qh5 19. Bxf6 Bxf6 20. Rd2 Bxf3 {Game
drawn by mutual agreement} 1/2-1/2

[Event "Team 45 45 League T51"]
[Site "Internet Chess Club"]
[Date "2011.12.20"]
[Round "6"]
[White "sibirica"]
[Black "Morovon23"]
[Result "1/2-1/2"]
[WhiteElo "2321"]
[BlackElo "2321"]
[Opening "Caro-Kann: Panov-Botvinnik attack"]
[ECO "B13"]
[Time "21:00:21"]
[TimeControl "2700+45"]

1. e4 c6 2. d4 d5 3. exd5 cxd5 4. c4 Nf6 5. Nc3 Nc6 6. Bg5 dxc4 7. Bxc4 Qxd4 8.
Qxd4 Nxd4 9. O-O-O e5 10. f4 Bg4 11. Nf3 Bxf3 12. gxf3 Rc8 13. fxe5 Rxc4 14.
exf6 g6 15. Rhe1+ Ne6 16. Kb1 h6 17. Be3 Bb4 18. Ne4 Rxe4 19. fxe4 Bxe1 20. Rxe1
a6 21. Rd1 g5 22. Rd5 O-O 23. Kc2 Rd8 24. Kd3 Kh7 25. Rxd8 Nxd8 26. e5 Kg6 27.
Ke4 h5 28. Kd5 Kf5 29. Kd6 Ne6 30. a4 g4 31. Ke7 Kg6 32. Bf2 b5 33. axb5 axb5
34. b3 Nf4 35. Bg3 Ne6 36. Bf2 Nf4 37. Bg3 Ne6 38. Bf2 {Game drawn by
repetition} 1/2-1/2

[Event "Team 45 45 League T51"]
[Site "Internet Chess Club"]
[Date "2011.12.17"]
[Round "6"]
[White "MikeA"]
[Black "Ptzz"]
[Result "1/2-1/2"]
[WhiteElo "2218"]
[BlackElo "2077"]
[Opening "Sicilian: Alapin's variation (2.c3)"]
[ECO "B22"]
[Time "07:00:16"]
[TimeControl "2700+45"]

1. e4 c5 2. c3 g6 3. Nf3 Bg7 4. d4 cxd4 5. cxd4 d5 6. exd5 Nf6 7. Bb5+ Nbd7 8.
d6 exd6 9. O-O O-O 10. Re1 a6 11. Bd3 Nd5 12. Nc3 N7f6 13. Qb3 Qa5 14. Bd2 Nxc3
15. bxc3 Qh5 16. Bf4 {Game drawn by mutual agreement} 1/2-1/2

[Event "Team 45 45 League T51"]
[Site "Internet Chess Club"]
[Date "2011.12.17"]
[Round "6"]
[White "Merciful"]
[Black "RedAttack"]
[Result "1-0"]
[WhiteElo "2045"]
[BlackElo "1919"]
[Opening "Bishop's opening: Berlin defense"]
[ECO "C24"]
[Time "10:00:35"]
[TimeControl "2700+45"]

1. e4 e5 2. Bc4 Nf6 3. d3 d5 4. exd5 Nxd5 5. Nf3 Nc6 6. O-O Bg4 7. h3 Bh5 8.
Nbd2 Be7 9. c3 O-O 10. Ne4 Nb6 11. Bb3 Kh8 12. Ng3 Bg6 13. Bc2 f5 14. Re1 Bd6
15. Bg5 Qd7 16. Nh4 Be8 17. Bd2 Be7 18. Nf3 Bd6 19. b4 a6 20. a4 Nd5 21. b5 axb5
22. axb5 Rxa1 23. Qxa1 Nd8 24. c4 e4 25. dxe4 Bxg3 26. fxg3 fxe4 27. Bxe4 Nb6
28. Bb4 Rg8 29. Rd1 Qe6 30. Qd4 Nf7 31. c5 Nc8 32. Bxb7 Bxb5 33. Bd5 Qg6 34. Qf4
Rf8 35. Bxf7 Qc2 36. Rc1 Qb2 37. Ne5 Ne7 38. c6 Nd5 39. Ng6+ {Black resigns} 1-0

[Event "Team 45 45 League T51"]
[Site "Internet Chess Club"]
[Date "2011.12.19"]
[Round "6"]
[White "CaoCao"]
[Black "Tobiasdelmonte"]
[Result "1/2-1/2"]
[WhiteElo "1881"]
[BlackElo "1785"]
[Opening "Alekhine's defense: modern, Larsen variation"]
[ECO "B04"]
[Time "22:06:34"]
[TimeControl "2700+45"]

1. e4 Nf6 2. e5 Nd5 3. d4 d6 4. Nf3 dxe5 5. Nxe5 c6 6. Bc4 Nd7 7. Nxd7 Bxd7 8.
O-O e6 9. Bb3 Bd6 10. c4 Nf6 11. Nc3 O-O 12. Bg5 h6 13. Bh4 Re8 14. Ne4 Be7 15.
Bxf6 Bxf6 16. Nd6 Rf8 17. Nxb7 Qb6 18. Nc5 Rad8 19. Qg4 Bc8 20. Rad1 e5 21. Qg3
exd4 22. Nd3 c5 23. Rfe1 Rfe8 24. Qf3 Bb7 25. Qf5 Qc6 26. f3 Rxe1+ 27. Rxe1 Re8
28. Rxe8+ Qxe8 29. Kf1 Qe3 30. Bc2 Bh4 31. Qf4 Qxf4 32. Nxf4 Kf8 33. Be4 Ba6 34.
b3 Ke8 35. Nd3 Be7 36. Bd5 Bd6 37. g3 Ke7 38. Kg2 Bc8 39. h3 Bf5 40. Be4 Bc8 41.
g4 g6 42. f4 Kf6 43. Kf3 Kg7 44. Nf2 f5 45. gxf5 gxf5 {Game drawn by mutual
agreement} 1/2-1/2

[Event "Team 45 45 League T51"]
[Site "Internet Chess Club"]
[Date "2011.12.22"]
[Round "6"]
[White "CS-Attila"]
[Black "AlexeiD"]
[Result "0-1"]
[WhiteElo "1942"]
[BlackElo "2177"]
[Opening "Queen's gambit declined"]
[ECO "D30"]
[Time "18:30:24"]
[TimeControl "2700+45"]

1. d4 d5 2. c4 e6 3. Nf3 c6 4. e3 f5 5. Bd3 Bd6 6. O-O Nh6 7. Nc3 O-O 8. Qc2 Nd7
9. cxd5 exd5 10. Ne2 Nf6 11. Ng3 Ne4 12. Qe2 Ng4 13. Nh5 Qe8 14. Nf4 h6 15. g3
g5 16. Ng2 Qh5 17. h4 Bd7 18. Ne5 Bxe5 19. dxe5 Qe8 20. b3 Nxg3 21. fxg3 Qxe5
22. Nf4 Qxa1 23. Bb2 Qxa2 24. Ng6 Rf7 25. Qc2 Qa5 26. e4 fxe4 27. Rxf7 Kxf7 28.
Bxe4 Qb6+ 29. Kh1 Nf2+ 30. Qxf2+ Qxf2 31. Ne5+ Ke6 {White resigns} 0-1

[Event "Team 45 45 League T51"]
[Site "Internet Chess Club"]
[Date "2011.12.18"]
[Round "6"]
[White "Catalog"]
[Black "LAgenieMP"]
[Result "0-1"]
[WhiteElo "2090"]
[BlackElo "1923"]
[Opening "Scandinavian defense"]
[ECO "B01"]
[Time "12:02:23"]
[TimeControl "2700+45"]

1. e4 d5 2. exd5 Nf6 3. Bb5+ Bd7 4. Bc4 Bg4 5. f3 Bf5 6. g4 Bg6 7. Nc3 Nbd7 8.
g5 Nb6 9. Bb5+ Nfd7 10. Nh3 a6 11. Be2 h6 12. Nf4 Bf5 13. g6 e5 14. gxf7+ Kxf7
15. Nd3 Qh4+ 16. Nf2 Bc5 17. d4 Bxd4 18. O-O Bh3 19. f4 Bxf1 20. Qxf1 exf4 21.
Ne4 Rae8 22. Kh1 Rhf8 23. c4 Ne5 24. d6 c5 25. a4 f3 26. Bd1 Kg8 27. a5 Nbd7 28.
Bd2 Rf5 29. Ng3 Rf6 30. Nfe4 Ng4 31. h3 Nf2+ 32. Nxf2 Qxg3 33. Ng4 Rf5 34. Ra3
Ref8 35. Be3 Rh5 36. Nf2 g5 37. Qg1 Rxh3+ 38. Nxh3 Qxh3+ 39. Qh2 Qxh2+ 40. Kxh2
f2 41. Bxf2 Rxf2+ 42. Kg3 Rxb2 43. Bf3 Be5+ 44. Kg4 Bxd6 45. Re3 Nf6+ 46. Kf5
Kf7 47. Re6 Be7 {White resigns} 0-1

[Event "Team 45 45 League T51"]
[Site "Internet Chess Club"]
[Date "2011.12.18"]
[Round "6"]
[White "smartactics"]
[Black "perikitosax"]
[Result "1-0"]
[WhiteElo "1938"]
[BlackElo "2007"]
[Opening "Queen's pawn game, Darooha variation "]
[ECO "D02"]
[Time "10:14:08"]
[TimeControl "2700+45"]

1. d4 d5 2. Nf3 Nf6 3. c3 Bf5 4. Qb3 Qc8 5. Bg5 Nbd7 6. Nbd2 e6 7. e3 Bd6 8. c4
c6 9. Nh4 Bg6 10. Nxg6 hxg6 11. g3 Rb8 12. Bg2 Nh7 13. Bf4 Bxf4 14. exf4 Nhf6
15. O-O O-O 16. Rac1 Qd8 17. Qa3 Qb6 18. c5 Qb5 19. b4 Qe2 20. Rcd1 Qa6 21. Qc3
b6 22. cxb6 Rxb6 23. Rb1 Rfb8 24. Rb2 Qa4 25. a3 a5 26. Rfb1 axb4 27. Rxb4 Rxb4
28. axb4 Ne8 29. Bf1 Nd6 30. b5 Nxb5 31. Qxc6 Qxd4 32. Qxd7 Qxd2 33. Rxb5 Rxb5
34. Qxb5 Qc3 35. Qe8+ {Black resigns} 1-0

[Event "Team 45 45 League T51"]
[Site "Internet Chess Club"]
[Date "2011.12.20"]
[Round "6"]
[White "carokantor"]
[Black "Terlizzi"]
[Result "1-0"]
[WhiteElo "2105"]
[BlackElo "1646"]
[Opening "Sicilian: Alapin's variation (2.c3)"]
[ECO "B22"]
[Time "23:00:19"]
[TimeControl "2700+45"]

1. e4 c5 2. c3 d6 3. Nf3 Nc6 4. d4 cxd4 5. cxd4 e5 6. d5 Nb8 7. Be2 Nf6 8. O-O
Be7 9. Nc3 a6 10. h3 b5 11. Be3 O-O 12. a3 Ne8 13. Bd3 Bb7 14. Qb3 Bc8 15. Rfc1
f5 16. a4 f4 17. Bd2 b4 18. Qxb4 a5 19. Qb3 Na6 20. Nb5 Nc5 21. Rxc5 dxc5 22.
d6+ Kh8 23. dxe7 Qxe7 24. Qd5 Bb7 25. Qxe5 Qd7 26. Qxc5 Nf6 27. Ne5 Qe6 28. Nc7
{Black resigns} 1-0

[Event "Team 45 45 League T51"]
[Site "Internet Chess Club"]
[Date "2011.12.17"]
[Round "6"]
[White "eurander"]
[Black "Paulkov"]
[Result "1/2-1/2"]
[WhiteElo "2187"]
[BlackElo "2301"]
[Opening "Sicilian: Alapin's variation (2.c3)"]
[ECO "B22"]
[Time "12:01:17"]
[TimeControl "2700+45"]

1. e4 c5 2. c3 g6 3. d4 cxd4 4. cxd4 d5 5. exd5 Nf6 6. Qa4+ Nbd7 7. Nc3 Bg7 8.
g3 O-O 9. Bg2 Nb6 10. Qb3 Re8 11. Nge2 e6 12. O-O Nfxd5 13. Bd2 Bd7 14. Rfe1 Bc6
15. Rac1 Rc8 16. Ne4 Qe7 17. a3 Ba4 18. Qa2 Bb5 19. N2c3 Nxc3 20. bxc3 Bc4 21.
Qb2 Nd5 22. Bf1 Nb6 23. Bf4 Bxf1 24. Kxf1 Nc4 25. Qb4 b6 26. Re2 Bf8 27. Qxe7
Bxe7 28. a4 Red8 29. Ra1 Rd5 30. h4 Kg7 31. Rea2 Nd6 32. Bxd6 Bxd6 33. Rb1 Be7
34. Rb3 Ra5 35. Rb5 Ra6 36. Rb3 f6 37. a5 Kf7 38. Ke2 Rc7 39. Kd3 bxa5 40. Rb5
a4 {Game drawn by mutual agreement} 1/2-1/2

[Event "Team 45 45 League T51"]
[Site "Internet Chess Club"]
[Date "2011.12.18"]
[Round "6"]
[White "MaartenKoning"]
[Black "vnchess"]
[Result "1-0"]
[WhiteElo "2260"]
[BlackElo "2086"]
[Opening "King's pawn opening"]
[ECO "B07"]
[Time "14:04:36"]
[TimeControl "2700+45"]

1. e4 d6 2. Nc3 Nf6 3. f4 c5 4. Nf3 g6 5. Bb5+ Bd7 6. Bc4 Nc6 7. O-O Bg7 8. d3
O-O 9. Qe1 Nd4 10. Nxd4 cxd4 11. Ne2 b5 12. Bb3 a5 13. a4 Qb6 14. f5 bxa4 15.
Bxa4 Bxa4 16. Rxa4 Rfc8 17. fxg6 hxg6 18. Kh1 Rxc2 19. Nxd4 Rc5 20. Qf2 Rac8 21.
Be3 Rh5 22. Qf3 Qxb2 23. Raa1 Qb7 24. Ne2 Rf8 25. Bd4 Nd7 26. Bxg7 Kxg7 27. Nf4
Rb5 28. Nd5 Ne5 29. Qg3 Rb3 30. Rxa5 Rxd3 31. Qf2 Ng4 32. Qh4 Ne5 33. Nxe7 f6
34. Nd5 g5 35. Qf2 Ng4 36. Qe2 Ne5 37. Rfa1 Rb3 38. h3 Rb1+ 39. Rxb1 Qxb1+ 40.
Kh2 Rf7 41. Ra6 Qb8 42. Qa2 Qb5 43. Ra7 Qf1 44. Rxf7+ Nxf7 45. Qa7 Kg6 46. Qd7
Qf2 47. Ne7+ Kg7 48. Nf5+ Kg6 49. Qe8 Qf4+ 50. Kg1 Qc1+ 51. Kf2 Qd2+ 52. Kf3
Qd3+ 53. Kg4 Qe2+ 54. Kg3 {Black forfeits on time} 1-0

[Event "Team 45 45 League T51"]
[Site "Internet Chess Club"]
[Date "2011.12.18"]
[Round "6"]
[White "SlimeDog2"]
[Black "universe"]
[Result "0-1"]
[WhiteElo "2126"]
[BlackElo "2124"]
[Opening "QGD Slav: Wiesbaden variation"]
[ECO "D17"]
[Time "17:06:37"]
[TimeControl "2700+45"]

1. d4 d5 2. Nf3 Nf6 3. c4 c6 4. Nc3 dxc4 5. a4 Bf5 6. Ne5 e6 7. f3 Nbd7 8. Nxc4
Bg6 9. e4 Bb4 10. Bg5 Qc7 11. Be2 e5 12. dxe5 Nxe5 13. O-O Nxc4 14. Bxc4 O-O 15.
Bxf6 gxf6 16. g4 Rad8 17. Qe2 Qf4 18. Rad1 h5 19. h3 hxg4 20. hxg4 Kg7 21. Qf2
Bc5 {White resigns} 0-1

[Event "Team 45 45 League T51"]
[Site "Internet Chess Club"]
[Date "2011.12.16"]
[Round "6"]
[White "Campagnolo"]
[Black "Epcot"]
[Result "1/2-1/2"]
[WhiteElo "2070"]
[BlackElo "1959"]
[Opening "Catalan: closed, 5.Nf3"]
[ECO "E06"]
[Time "21:10:30"]
[TimeControl "2700+45"]

1. Nf3 Nf6 2. c4 e6 3. g3 d5 4. d4 Be7 5. Bg2 O-O 6. O-O dxc4 7. Qc2 a6 8. Qxc4
b5 9. Qc2 Bb7 10. Bd2 Be4 11. Qc1 Nbd7 12. Ba5 Rc8 13. Nbd2 Ba8 14. Qc2 Nb8 15.
Nb3 Be4 16. Qc1 Nc6 17. Bd2 Bxf3 18. Bxf3 Nxd4 19. Nxd4 Qxd4 20. Be3 Qe5 21. Bf4
Qc5 22. Bb7 Rb8 23. Bf3 Rbc8 24. Bb7 Rb8 25. Bf3 Qxc1 26. Raxc1 Bd6 27. Bxd6
cxd6 28. Rc6 d5 29. Rfc1 a5 30. e3 Nd7 31. Be2 Ne5 32. R6c5 Nc4 33. b3 Nd6 34.
Rc6 {Game drawn by mutual agreement} 1/2-1/2

[Event "Team 45 45 League T51"]
[Site "Internet Chess Club"]
[Date "2011.12.17"]
[Round "6"]
[White "pmcglothin"]
[Black "captainX"]
[Result "0-1"]
[WhiteElo "1940"]
[BlackElo "2109"]
[Opening "Caro-Kann: closed (Breyer) variation"]
[ECO "B10"]
[Time "07:00:09"]
[TimeControl "2700+45"]

1. e4 c6 2. d3 d5 3. Nd2 Qc7 4. g3 Nf6 5. Bg2 Bg4 6. Bf3 Bxf3 7. Ngxf3 Nbd7 8.
O-O e6 9. Qe2 Be7 10. e5 Ng4 11. d4 h5 12. h4 Nh6 13. Nb3 Nf5 14. Bg5 a5 15.
Bxe7 Kxe7 16. a4 Rac8 17. Qd2 b6 18. Rfe1 c5 19. dxc5 Nxc5 20. Nxc5 Qxc5 21. c3
Rh6 22. Rec1 Rg6 23. Kh2 Rg4 24. b4 Qc4 25. Rab1 Qe4 26. Ng5 Qxe5 27. f4 Qd6 28.
bxa5 bxa5 29. Rb7+ Rc7 30. Rcb1 Rxg3 31. R1b6 Qc5 32. Rb5 Qg1# {White
checkmated} 0-1

[Event "Team 45 45 League T51"]
[Site "Internet Chess Club"]
[Date "2011.12.17"]
[Round "6"]
[White "Egmont"]
[Black "justice02"]
[Result "0-1"]
[WhiteElo "1705"]
[BlackElo "1785"]
[Opening "Dutch"]
[ECO "A80"]
[Time "11:00:04"]
[TimeControl "2700+45"]

1. d4 f5 2. Bf4 Nf6 3. e3 g6 4. Nf3 Bg7 5. Bc4 d5 6. Bb3 O-O 7. Nbd2 a5 8. c4 c6
9. O-O Na6 10. Ne5 Nc7 11. h3 Ne6 12. Bh2 f4 13. Ndf3 Ne4 14. Rc1 Bh6 15. Qd3
fxe3 16. fxe3 Ng7 17. Qxe4 dxe4 {White resigns} 0-1

[Event "Team 45 45 League T51"]
[Site "Internet Chess Club"]
[Date "2011.12.19"]
[Round "6"]
[White "ScotchYeti"]
[Black "JWB"]
[Result "1/2-1/2"]
[WhiteElo "1722"]
[BlackElo "1652"]
[Opening "Sicilian: dragon variation"]
[ECO "B70"]
[Time "14:00:29"]
[TimeControl "2700+45"]

1. e4 c5 2. Nf3 d6 3. d4 cxd4 4. Nxd4 Nf6 5. Nc3 g6 6. Be2 Bg7 7. O-O O-O 8. Bg5
Nc6 9. Nb3 Be6 10. Kh1 a6 11. f4 Qc7 12. a3 Na5 13. Nxa5 Qxa5 14. Qd3 Rac8 15.
Rad1 Bc4 16. Qe3 Bxe2 17. Qxe2 Qc7 18. Rd2 Qc4 19. Re1 Qxe2 20. Rexe2 Rfe8 21.
e5 dxe5 22. fxe5 Ng4 23. Bf4 Rc5 24. Rd7 Nxe5 25. Rxb7 e6 26. h3 Nc4 27. Na4 Rd5
28. c3 Rf5 29. Bg3 e5 30. Nc5 Nd6 31. Rd7 Rf1+ 32. Kh2 Nf5 33. Bf2 a5 34. Ne4
Rb1 35. Bb6 a4 36. Bc5 Rb8 37. Red2 h5 38. Rd8+ Rxd8 39. Rxd8+ Kh7 40. Ng5+ Kh6
41. Nxf7+ Kh7 42. Ng5+ Kh6 43. Nf7+ Kh7 44. Ng5+ {Game drawn by mutual
agreement} 1/2-1/2

[Event "Team 45 45 League T51"]
[Site "Internet Chess Club"]
[Date "2011.12.17"]
[Round "6"]
[White "rayngrant"]
[Black "elessar"]
[Result "0-1"]
[WhiteElo "1547"]
[BlackElo "1609"]
[Opening "Petrov: classical attack, Chigorin variation"]
[ECO "C42"]
[Time "08:01:17"]
[TimeControl "2700+45"]

1. e4 e5 2. Nf3 Nf6 3. Nxe5 d6 4. Nf3 Nxe4 5. d4 d5 6. Bd3 Be7 7. O-O Nc6 8. Re1
Bf5 9. c4 Nb4 10. Bxe4 Bxe4 11. Na3 O-O 12. c5 Nd3 13. Re3 Nxc1 14. Qxc1 c6 15.
Qc3 f5 16. Rae1 f4 17. Rxe4 dxe4 18. Rxe4 Bf6 19. Nc4 Qd5 20. Qb3 Qxe4 21. Nd6+
Qd5 {White resigns} 0-1

[Event "Team 45 45 League T51"]
[Site "Internet Chess Club"]
[Date "2011.12.19"]
[Round "6"]
[White "cepheid"]
[Black "philosopherking"]
[Result "1/2-1/2"]
[WhiteElo "1537"]
[BlackElo "1524"]
[Opening "French: Rubinstein variation"]
[ECO "C10"]
[Time "18:32:53"]
[TimeControl "2700+45"]

1. e4 e6 2. d4 d5 3. Nc3 dxe4 4. Nxe4 Nf6 5. Bg5 Be7 6. Bxf6 Bxf6 7. Nxf6+ Qxf6
8. Nf3 O-O 9. Bd3 Nc6 10. c3 e5 11. dxe5 Nxe5 12. Nxe5 Qxe5+ 13. Qe2 Re8 14.
Qxe5 Rxe5+ 15. Kd2 Be6 16. Kc2 Bf5 17. Bxf5 Rxf5 18. f3 Re8 19. Rhe1 Rfe5 20.
Rxe5 Rxe5 21. Kd2 Kf8 {Game drawn by mutual agreement} 1/2-1/2

[Event "Team 45 45 League T51"]
[Site "Internet Chess Club"]
[Date "2011.12.18"]
[Round "6"]
[White "powerchess1"]
[Black "moomaster"]
[Result "1/2-1/2"]
[WhiteElo "1635"]
[BlackElo "1598"]
[Opening "Queen's pawn, Mason variation"]
[ECO "D00"]
[Time "18:03:48"]
[TimeControl "2700+45"]

1. d4 d5 2. Bf4 Nf6 3. e3 c6 4. c3 Bf5 5. Nd2 e6 6. Ngf3 Qb6 7. Qc1 Nbd7 8. Nh4
Be7 9. Nxf5 exf5 10. Bd3 O-O 11. Bxf5 Qd8 12. Qd1 Nh5 13. Qxh5 g6 14. Bxg6 fxg6
15. Qe2 Bg5 16. Bxg5 Qxg5 17. f4 Qf5 18. Nf3 Nf6 19. h3 Ne4 20. g4 Qf6 21. Rg1
h6 22. O-O-O Rae8 23. Ne5 Qg7 24. h4 a5 25. Rdf1 a4 26. a3 g5 27. hxg5 hxg5 28.
Rg2 Re6 29. Rh1 gxf4 30. Rgh2 fxe3 31. Rh8+ Qxh8 32. Rxh8+ Kxh8 33. Qxe3 Ref6
34. Kb1 Kg7 35. Ka2 Rf4 36. Qh3 Rh8 37. Qxh8+ Kxh8 38. Ng6+ Kg7 39. Nxf4 Kf6 40.
Kb1 Kg5 41. Ne6+ Kxg4 42. Kc2 Kf3 43. b3 axb3+ 44. Kxb3 Ke3 45. Nc5 Nd6 46. a4
b6 47. Nd7 Nc4 48. Ne5 Na5+ 49. Kb4 Ke4 50. Nd7 Nc4 51. Nxb6 Nxb6 52. a5 Nc8 53.
Kc5 Na7 54. c4 dxc4 55. Kxc4 Kf5 56. d5 cxd5+ 57. Kxd5 Kf6 58. Kd6 Kf7 59. a6
Ke8 60. Kc7 Ke7 61. Kb7 Kd7 62. Kxa7 Kc7 63. Ka8 Kc8 64. a7 Kc7 {White
stalemated} 1/2-1/2

[Event "Team 45 45 League T51"]
[Site "Internet Chess Club"]
[Date "2011.12.19"]
[Round "6"]
[White "Luckydawg"]
[Black "Neoman"]
[Result "0-1"]
[WhiteElo "1467"]
[BlackElo "1632"]
[Opening "English: Neo-Catalan accepted"]
[ECO "A13"]
[Time "09:00:18"]
[TimeControl "2700+45"]

1. c4 e6 2. g3 d5 3. Bg2 Nf6 4. Nf3 dxc4 5. O-O Nc6 6. Na3 Be7 7. Nxc4 O-O 8.
Qc2 Nb4 9. Qb3 Nbd5 10. Na5 Bb4 11. Nc4 b5 12. Ne3 c5 13. d3 Bb7 14. a3 Nxe3 15.
Bxe3 Bd5 16. Qc2 Ba5 17. Bxc5 Rc8 18. b4 Nd7 19. d4 Nxc5 20. dxc5 Bc7 21. Rfd1
Qf6 22. Rac1 Rfd8 23. h4 g6 24. e4 Bc4 25. Rxd8+ Rxd8 26. Rd1 a5 27. Rxd8+ Qxd8
28. Bf1 Qf6 29. Bxc4 bxc4 30. Nd2 Qa1+ 31. Kg2 Qxa3 32. bxa5 Qxa5 33. c6 c3 34.
Nb3 Qb4 35. f4 Qc4 36. Nd2 Qe2+ {White resigns} 0-1